 Dungeon Crawl Stone Soup version 0.17-a0-1596-g1e86911 (console) character file.

2369 lauthentik the Covert (level 9, -6/59 HPs)
             Began as a Vampire Enchanter on July 31, 2015.
             Was a Priest of Makhleb.
             Mangled by a neqoxec (7 damage)
             ... summoned by the player character
             ... on level 8 of the Dungeon.
             The game lasted 00:28:08 (5193 turns).

lauthentik the Covert (Vampire Enchanter)           Turns: 5193, Time: 00:28:08

Health: -6/59      AC: 12    Str:  9    XL:     9   Next: 21%
Magic:  21/26      EV: 15    Int: 25    God:    Makhleb [***...]
Gold:   289        SH:  0    Dex: 15    Spells: 3 memorised, 12 levels left

rFire  . . .     SeeInvis +     a - +2 dagger
rCold  + + .     Clarity  +     b - +1 robe
rNeg   + + +     SustAt   .     (no shield)
rPois  +         Gourm    .     h - +3 hat of Pondering {ponderous, MR+ MP+10 Int+5}
rElec  .         Spirit   .     N - +2 cloak
rCorr  .         Warding  .     n - +0 pair of gloves
rMut   .         Stasis   .     i - +1 pair of boots
MR     +....                    u - amulet of clarity
Stlth  ++++++....               A - +2 ring of strength
                                r - ring of flight

@: regenerating slowly, slow, somewhat resistant to hostile enchantments, very
stealthy
A: fangs 3, see invisible, unbreathing
a: Bat Form, Minor Destruction, Lesser Servant of Makhleb, Renounce Religion,
Evoke Flight


You were on level 8 of the Dungeon.
You worshipped Makhleb.
Makhleb was most pleased with you.
You were near bloodless.

You visited 1 branch of the dungeon, and saw 8 of its levels.

You collected 289 gold pieces.

Inventory:

Hand weapons
 a - a +2 dagger (weapon)
 I - a +0 blowgun
Missiles
 k - 8 tomahawks (quivered)
 o - 31 poisoned needles
 v - 3 needles of frenzy
Armour
 b - a +1 robe (worn)
 h - the +3 hat of Pondering (worn) {ponderous, MR+ MP+10 Int+5}
   (You found it on level 8 of the Dungeon)

   It affects your intelligence (+5).
   It affects your resistance to hostile enchantments.
   It affects your magic capacity (+10).
 i - a +1 pair of boots (worn)
 n - a +0 pair of gloves (worn)
 J - a +1 helmet
 N - a +2 cloak (worn)
Jewellery
 r - a ring of flight (left hand)
 u - an amulet of clarity (around neck)
 A - a +2 ring of strength (right hand)
Magical devices
 p - a wand of random effects (34)
 M - a wand of fireball (5)
Scrolls
 l - 4 scrolls of identify
 y - 2 scrolls of remove curse
 B - a scroll of blinking
 E - a scroll of enchant weapon
 F - 3 scrolls of teleportation {unknown}
Potions
 d - 2 potions of lignification
 e - 7 potions of curing
 g - a potion of cancellation
 j - a potion of ambrosia
 m - a potion of cure mutation
 q - a potion of haste
 s - 4 potions of agility
 t - a potion of invisibility {unknown}
 w - a potion of flight {unknown}
 z - a potion of might
 C - a potion of magic {unknown}
 D - a potion of heal wounds {unknown}
 G - a potion of poison {unknown}
 K - a potion of mutation {unknown}
 L - 3 potions of blood
Books
 c - a book of Maledictions

   Spells                             Type                      Level
   a - Corona                         Hexes                        1
   b - Ensorcelled Hibernation        Hexes/Ice                    2
   c - Confuse                        Hexes                        3
   d - Tukima's Dance                 Hexes                        3
   e - Dazzling Spray                 Conjuration/Hexes            3
 f - a book of Transfigurations

   Spells                             Type                      Level
   a - Stoneskin                      Transmutation/Earth          2
   b - Irradiate                      Conjuration/Transmutation    5
   c - Statue Form                    Transmutation/Earth          6
   d - Hydra Form                     Transmutation                6
   e - Dragon Form                    Transmutation                7


   Skills:
 + Level 1.5 Fighting
 + Level 3.0 Short Blades
 + Level 0.1 Throwing
 + Level 4.9 Dodging
 + Level 12.5 Stealth
 + Level 5.1 Spellcasting
 + Level 8.7 Hexes
 - Level 2.2 Ice Magic


You had 12 spell levels left.
You knew the following spells:

 Your Spells              Type           Power        Failure   Level  Hunger
a - Ensorcelled Hibernat  Hex/Ice        ####..       1%          2    None
b - Corona                Hex            ######.      1%          1    None
c - Confuse               Hex            ######..     1%          3    ##.....


Dungeon Overview and Level Annotations

Branches:
Dungeon (8/15)             Temple (0/1) D:4
   Lair: D:8-11

Altars:
Cheibriados
Dithmenos
Elyvilon
Fedhas
Gozag
Makhleb
Nemelex Xobeh
Qazlal
Trog
Xom
Yredelemnul

Shops:
D:7 (


Innate Abilities, Weirdness & Mutations

You heal slowly.
You have razor-sharp teeth.
You have supernaturally acute eyesight.
You can survive without breathing.


Message History

The neqoxec gestures.
The killer bee misses you.
Casting: Ensorcelled Hibernation
Confirm with . or Enter, or press ? or * to list all spells.
Aiming: Ensorcelled Hibernation
Press: ? - help, Shift-Dir - straight line, f - killer bee
Aim: a killer bee (lightly wounded, chance to defeat MR: 70%)
The killer bee looks drowsy...
The neqoxec closely misses you.
The helpless killer bee fails to defend itself.
You spit the killer bee like a pig!!!
You kill the killer bee!
Makhleb accepts your kill. The killer bee closely misses you.
The neqoxec hits you but does no damage.
Drink which item? (? for menu, Esc to quit)
It was a potion of ambrosia.
You feel momentarily confused.
You feel briefly invigorated. The killer bee stings you.
* * * LOW HITPOINT WARNING * * *
The killer bee closely misses you. The neqoxec hits you!
You die...

#.#[.......#####
#.........!....###########
........yn......$..........
....##...#y########.########
##.. #..##.# #># #. #..##y#
#.# .##..##.# #.#
.......y###### #.#
......yyyy@35# #.# ###.
.###.#######.# #.##.....
#.#######.###.......# #
............(....##
######.######....+ ## #.#
..... .. #.# #.P≈.. #. #.#
#.P≈P. #. #.# #..P..


You could see a queen bee, a neqoxec, 4 killer bees and an ufetubus.

Vanquished Creatures
  Maurice (D:8)
  An orc warrior (D:7)
  A phantom (D:4)
  An ice beast (D:7)
  A necrophage (D:7)
  4 ogres
  A big kobold (D:7)
  3 giant frogs
  2 scorpions
  2 killer bees (D:8)
  2 crimson imps (D:5)
  4 hounds
  A centaur zombie (D:7)
  3 orc priests
  4 orc wizards
  7 worker ants
  A giant frog skeleton (D:5)
  An iguana (D:7)
  A worker ant zombie (D:7)
  10 adders
  A shadow imp (D:7)
  An ooze (D:1)
  An adder skeleton (D:5)
  3 worms
  5 giant geckos
  15 orcs
  10 goblins
  4 hobgoblins
  5 jackals
  4 quokkas
  4 bats
  6 giant cockroaches
  6 giant newts
  14 kobolds
  12 rats
  A spectral orc (D:4)
143 creatures vanquished.

Vanquished Creatures (others)
  An ogre (D:5)
  A scorpion (D:5)
  A worker ant (D:5)
  3 adders (D:5)
  An orc (D:5)
  A giant cockroach (D:5)
8 creatures vanquished.

Grand Total: 151 creatures vanquished

Notes
Turn   | Place    | Note
--------------------------------------------------------------
     0 | D:1      | lauthentik the Vampire Enchanter began the quest for the Orb.
     0 | D:1      | Reached XP level 1. HP: 13/13 MP: 3/3
     3 | D:1      | Noticed an electric eel
     3 | D:1      | Noticed an electric eel
   141 | D:1      | Reached XP level 2. HP: 17/19 MP: 5/5
   160 | D:1      | Learned a level 2 spell: Ensorcelled Hibernation
   419 | D:1      | Reached skill level 5 in Hexes
   468 | D:1      | Reached skill level 5 in Stealth
   721 | D:2      | Reached XP level 3. HP: 24/24 MP: 6/6
  1196 | D:2      | Learned a level 3 spell: Confuse
  1503 | D:3      | Reached skill level 6 in Stealth
  1503 | D:3      | Reached XP level 4. HP: 30/30 MP: 7/7
  1711 | D:3      | Found a burning altar of Makhleb.
  1715 | D:3      | Became a worshipper of Makhleb the Destroyer
  1744 | D:3      | Found a bloodstained altar of Trog.
  1778 | D:3      | Reached XP level 5. HP: 35/35 MP: 5/8
  1798 | D:3      | Found a snail-covered altar of Cheibriados.
  1924 | D:3      | Found a white marble altar of Elyvilon.
  1924 | D:3      | Found a sparkling altar of Nemelex Xobeh.
  1925 | D:3      | Found a blossoming altar of Fedhas.
  1949 | D:3      | Found an opulent altar of Gozag.
  2256 | D:4      | Noticed a phantom
  2322 | D:4      | Killed a phantom
  2322 | D:4      | Reached skill level 1 in Fighting
  2322 | D:4      | Reached skill level 7 in Stealth
  2322 | D:4      | Reached XP level 6. HP: 9/43 MP: 1/10
  2538 | D:4      | Found a staircase to the Ecumenical Temple.
  2640 | D:4      | Acquired Makhleb's first power
  2726 | D:4      | Found a bloodstained altar of Trog.
  2829 | D:4      | Reached skill level 8 in Stealth
  2844 | D:4      | Found a basalt altar of Yredelemnul.
  2897 | D:5      | Entered Level 5 of the Dungeon
  2953 | D:5      | Reached skill level 1 in Ice Magic
  3013 | D:5      | Found a shimmering altar of Xom.
  3176 | D:5      | Reached XP level 7. HP: 48/48 MP: 5/12
  3272 | D:5      | Reached skill level 9 in Stealth
  4048 | D:6      | Acquired Makhleb's second power
  4050 | D:6      | Reached skill level 10 in Stealth
  4146 | D:6      | Found a shimmering altar of Xom.
  4219 | D:7      | Reached XP level 8. HP: 49/54 MP: 7/13
  4285 | D:7      | Found Derabbe's Antique Weapon Shoppe.
  4317 | D:7      | Reached skill level 11 in Stealth
  4665 | D:7      | Found a stormy altar of Qazlal.
  4665 | D:7      | Found a shadowy altar of Dithmenos.
  4809 | D:7      | Reached skill level 12 in Stealth
  4989 | D:8      | Acquired Makhleb's third power
  4999 | D:8      | Noticed Maurice
  5016 | D:8      | Killed Maurice
  5016 | D:8      | Reached skill level 5 in Spellcasting
  5016 | D:8      | Reached XP level 9. HP: 59/59 MP: 3/16
  5170 | D:8      | Noticed a queen bee
  5190 | D:8      | HP: 2/59 [killer bee (3)]
  5193 | D:8      | Mangled by a neqoxec

Vault maps used:
D:1:      arrival_aquarium_b, hex_large
D:3:      bloody_makhleb, nicolae_overflow_crystal_walls,
          grunt_temple_overflow_open, grunt_gozag_breadcrumbs, first_bread,
          grunt_ministairs_5, kennysheep_another_room, hex_tiny,
          minmay_misc_feat_five, bloody_trog
D:4:      yredelemnul_forgotten_temple_becter, lemuel_round_altar,
          minmay_temple_entry_large_hall, roderic_ancient_swastika,
          roderic_nine_men_s_morris, st_stairs_4, roderic_whirl
D:5:      xom_confusion_cloud
D:6:      nicolae_overflow_hidden_temple
D:7:      gammafunk_temple_overflow_elements, serial_shops, shop
D:8:      tso_oasis_becter, david_nohive_1, uniq_maurice

Action                   |  1- 3 |  4- 6 |  7- 9 || total
-------------------------+-------+-------+-------++-------
Melee: Dagger            |    99 |   134 |   162 ||   395
       Short sword       |       |    12 |       ||    12
Throw: Tomahawk          |       |     1 |       ||     1
 Cast: Ensorcelled Hiber |    15 |    30 |    50 ||    95
       Confuse           |       |     4 |     4 ||     8
Invok: Minor Destruction |       |       |     1 ||     1
       Lesser Servant of |       |       |     1 ||     1
  Use: Scroll            |       |    12 |     1 ||    13
       Potion            |       |       |     1 ||     1
 Stab: Sleeping          |    21 |    34 |    48 ||   103
       Distracted        |     1 |       |     1 ||     2
       Confused          |       |     1 |     2 ||     3
